 Dungeon Crawl Stone Soup version 0.28-a0-662-g1651b1f1e0 (webtiles) character file.

Game seed: 16581845092219770827

1378 lunkers the Magician (level 8, -8/62 HPs)
             Began as a Djinni Cinder Acolyte on Oct 14, 2021.
             Was a High Priest of Ignis.
             Mangled by Duvessa (14 damage)
             ... on level 5 of the Dungeon.
             The game lasted 00:12:17 (7073 turns).

lunkers the Magician (Djinni Cinder Acolyte)        Turns: 7073, Time: 00:12:17

Health: -8/62      AC:  3    Str: 13    XL:     8   Next: 98%
Gold:   202        EV: 11    Int: 19    God:    Ignis [*****.] SH:  0 Dex: 14

rFire   + + +      SeeInvis .   d - +1 dagger (speed)
rCold   x . .      Faith    .   (no shield)
rNeg    . . .      Spirit   .   b - +0 robe
rPois   ∞          Reflect  .   (no helmet)
rElec   .          Harm     .   o - +0 cloak
rCorr   .          Rampage  .   (no gloves)
Will    .....                   (boots unavailable)
Stlth   +.........              (no amulet)
HPRegen 0.20/turn               k - +6 ring of dexterity
MPRegen 0.00/turn               (no ring)

@: about to teleport, flying
A: sickness immunity, fire resistance 2, cold vulnerability 1, float, innate
caster, hp casting, extra vitality 1
a: Renounce Religion, Sea of Fire, Foxfire Swarm, Rising Flame


You were on level 5 of the Dungeon.
You worshipped Ignis.
Ignis was extremely pleased with you.
You visited 1 branch of the dungeon, and saw 5 of its levels.

You collected 202 gold pieces.

Inventory:

Hand Weapons
 a - a -1 falchion of flaming
 d - a +1 dagger of speed (weapon)
 n - a +4 quarterstaff of chaos
 q - a +1 dagger of venom
Armour
 b - a +0 robe (worn)
 o - a +0 cloak (worn)
Jewellery
 k - a +6 ring of dexterity (left hand)
Wands
 p - a wand of paralysis (5)
Scrolls
 e - a scroll of immolation
 g - a scroll of vulnerability {unknown}
 h - a scroll of torment {unknown}
 r - a scroll of blinking {unknown}
 s - a scroll of holy word {unknown}
 t - a scroll of enchant armour {unknown}
Potions
 c - 3 potions of curing
 i - 2 potions of flight
 j - a potion of lignification
 l - a potion of attraction {unknown}
 m - a potion of berserk rage {unknown}
 u - a potion of heal wounds


   Skills:
 + Level 6.6 Fighting
 - Level 2.6 Long Blades
 * Level 6.9 Spellcasting


You had 12 spell levels left.
You knew the following spells:

 Your Spells              Type           Power      Damage    Failure   Level
a - Freeze                Ice            100%       1d11      1%          1
b - Searing Ray           Conj           66%        2d6       1%          2
c - Swiftness             Air            33%        N/A       1%          3
p - Scorch                Fire           66%        2d8       1%          2
Your spell library was empty.

Dungeon Overview and Level Annotations

Branches:
Dungeon (5/15)             Temple (0/1) D:4

Altars:
Elyvilon
Fedhas
Kikubaaqudgha
Vehumet
Yredelemnul

Shops:
D:4 *

Annotations:
D:5 Dowan, Duvessa


Innate Abilities, Weirdness & Mutations

You are immune to sickness and miasma.
You are immune to poison.
Your flesh is very heat resistant. (rF++)
You are vulnerable to cold. (rC-)
You float through the air rather than walking.
You learn spells naturally, not from books.
Your magical power is your life essence.
You have superior vitality. (+4 HP)


Message History

The puff of flame hits you. You resist.
Aiming: Paralyse
Press: ? - help, Shift-Dir - straight line, f - Dowan
Aim: Dowan, wielding a +0 dagger and wearing a +0 robe (almost dead, more vulnerable to fire, chance to affect: 46%) Dowan resists with some effort.
Dowan points at you and mumbles some strange words.
The puff of frost hits you!
You feel a terrible chill!
* * * LOW HITPOINT WARNING * * *
You don't have any such object.
Evoke which item? (* to show all) (? for menu, Esc to quit)
Aiming: Paralyse
Press: ? - help, Shift-Dir - straight line, f/p - Dowan
Aim: Dowan, wielding a +0 dagger and wearing a +0 robe (almost dead, more vulnerable to fire, chance to affect: 46%) Dowan resists with some effort.
Aiming: Paralyse
Press: ? - help, Shift-Dir - straight line, f - Duvessa, p - Dowan
Aim: Duvessa, wielding a +0 short sword and wearing a +0 leather armour (fast, chance to affect: 28%) Duvessa easily resists.
Duvessa drinks a potion.
Duvessa seems to grow stronger.
Dowan gestures wildly while chanting.
Dowan blinks!
Aiming: Paralyse
Press: ? - help, Shift-Dir - straight line, f/p - Duvessa
Aim: Duvessa, wielding a +0 short sword and wearing a +0 leather armour (fast, strong, chance to affect: 28%) Duvessa easily resists.
Aiming: Paralyse
Press: ? - help, Shift-Dir - straight line, f/p - Duvessa
Aim: Duvessa, wielding a +0 short sword and wearing a +0 leather armour (fast, strong, chance to affect: 28%) Duvessa easily resists.
Duvessa hits you with a +0 short sword!
* * * LOW HITPOINT WARNING * * *
Duvessa misses you.
As you read the scroll of teleportation, it crumbles to dust.
You feel strangely unstable. Dowan hits you with a +0 dagger.
* * * LOW HITPOINT WARNING * * *
Duvessa hits you with a +0 short sword!
* * * LOW HITPOINT WARNING * * *
Dowan is no longer more vulnerable to fire.
Dowan gestures wildly while chanting.
Dowan blinks!
Duvessa hits you with a +0 short sword!
You die...

#..###'####. ###....# ##
##..## ## # #.## ##..
###.############ ##.####..#
.......#.......# #........#
...............# #...<.....
............§..# #.........
.......#...e@..## #........#
.......#........####........#
########....................#
#.e.....###......###..
#.......# #.###....##.
#.......##..# #.#.....
#####......####.....##
#...######.....##.##
####.#### #...##.###...


You could see Duvessa (fast, strong) and Dowan.

Vanquished Creatures
  Grinder (D:3)
  2 necrophages
  A sky beast (D:4)
  A black bear (D:5)
  2 ogres
  A scorpion (D:4)
  2 vampire bats (D:3)
  A centaur zombie (D:5)
  A crimson imp (D:5)
  An orc priest (D:4)
  4 hounds
  2 jellies (D:4)
  Crazy Yiuf (D:2)
  Ijyb (D:3)
  An iguana (D:4)
  An orc wizard (D:4)
  3 adders
  An adder skeleton (D:4)
  3 worms
  4 dart slugs
  13 orcs
  2 ball pythons
  9 bats
  3 bat skeletons (D:3)
  2 bat zombies (D:3)
  3 endoplasms
  3 giant cockroaches
  8 goblins
  9 hobgoblins
  8 jackals (D:1)
  8 kobolds
  A quokka (D:4)
  5 frilled lizards
  7 rats
115 creatures vanquished.

Notes
Turn   | Place    | Note
-------+----------+-------------------------------------------
     0 | D:1      | lunkers the Djinni Cinder Acolyte began the quest for the
                  | Orb.
     0 | D:1      | Reached XP level 1. HP: 20/20 MP: 0/0
    61 | D:1      | Reached XP level 2. HP: 21/25 MP: 0/0
   508 | D:1      | Reached XP level 3. HP: 26/30 MP: 0/0
   508 | D:1      | Learned a level 1 spell: Freeze
  1224 | D:1      | Found a faded altar of an unknown god.
  1516 | D:2      | Reached XP level 4. HP: 30/35 MP: 0/0
  2160 | D:2      | Found a white marble altar of Elyvilon.
  2813 | D:2      | Found a runed translucent door.
  2814 | D:2      | Noticed Crazy Yiuf
  2993 | D:2      | Killed Crazy Yiuf
  2994 | D:2      | Reached XP level 5. HP: 25/41 MP: 0/0
  2994 | D:2      | Learned a level 2 spell: Searing Ray
  3126 | D:3      | Noticed a necrophage
  3132 | D:3      | Killed a necrophage
  3133 | D:3      | Reached XP level 6. HP: 30/48 MP: 0/0
  3488 | D:3      | Noticed Ijyb
  3508 | D:3      | Killed Ijyb
  4201 | D:3      | Noticed Grinder
  4207 | D:3      | Killed Grinder
  4208 | D:3      | Reached skill level 5 in Fighting
  4208 | D:3      | Reached skill level 5 in Spellcasting
  4208 | D:3      | Reached XP level 7. HP: 41/54 MP: 0/0
  4208 | D:3      | Learned a level 3 spell: Swiftness
  4358 | D:4      | Found a staircase to the Ecumenical Temple.
  4722 | D:4      | Found a blossoming altar of Fedhas.
  4731 | D:4      | Found Xinug's General Store.
  4791 | D:4      | Found a basalt altar of Yredelemnul.
  5333 | D:5      | Entered Level 5 of the Dungeon
  5337 | D:5      | Reached XP level 8. HP: 56/60 MP: 0/0
  5704 | D:4      | HP: 2/61 [sky beast (6)]
  7057 | D:5      | Noticed Dowan
  7062 | D:5      | Noticed Duvessa
  7073 | D:5      | Mangled by Duvessa

Illustrated notes

Levels and vault maps discovered:
D:1:      elethiomel_arrival_quiet, layout_rooms,
          dreamdust_ecumenical_altar_statues
D:2:      layout_basic, basic_altar, minmay_misc_feat_room,
          uniq_crazy_yiuf_cottage
D:3:      layout_loops_ring, kennysheep_vampire_church, serial_park_tiny_pond,
          uniq_grinder, uniq_ijyb
D:4:      layout_rooms, mainiacjoe_overflow_swirl,
          minmay_temple_entry_purple_smoke, serial_shops,
          nicolae_shop_waterfront
D:5:      layout_rooms, kennysheep_little_box, minmay_fire_ice_demons,
          uniq_duvessa

Skill      XL: |  1  2  3  4  5  6  7  8 |
---------------+-------------------------+-----
Spellcasting   | 3 4 5 6 |  6.9
Fighting       | 4 5 6 |  6.6
Long Blades    | |  2.6

Action                   |  1- 3 |  4- 6 |  7- 9 || total
-------------------------+-------+-------+-------++-------
Melee: Dagger            |    27 |     3 |       ||    30
       Falchion          |     1 |       |       ||     1
 Cast: Scorch            |    26 |    46 |    82 ||   154
       Freeze            |    14 |    30 |     3 ||    47
Evoke: Wand              |       |       |     5 ||     5
  Use: Scroll            |       |       |     6 ||     6
Armor: Robe              |     7 |    12 |     7 ||    26
Dodge: Dodged            |    19 |    20 |    34 ||    73

Table legend: (Time is in decaauts)
 A = Elapsed time spent in this place.
 B = Non-inter-level travel time spent in this place.
 C = Inter-level travel time spent in this place.
 D = Time resting spent in this place.
 E = Time spent auto-exploring this place.
 F = Levels seen in this place.
 G = Mean time per level.
                   A        B        C        D        E       F      G
               +--------+--------+--------+--------+--------+-----+--------+
         Total |   7066 |   6930 |    136 |   1524 |   4555 |   5 | 1413.2 |
       Dungeon |   7066 |   6930 |    136 |   1524 |   4555 |   5 | 1413.2 |
               +--------+--------+--------+--------+--------+-----+--------+

Top non-repeatable levels by time:
     D:4: 1797 daAuts
     D:3: 1669 daAuts
     D:2: 1639 daAuts
     D:1: 1474 daAuts
     D:5: 485 daAuts
